 Dungeon Crawl Stone Soup version 0.31.0-7-gf635a9b802 (webtiles) character file.

Game seed: 255883753783952361

22 Zeia the Magician (level 3, -3/25 HPs)
             Began as a Djinni Conjurer on Jan 24, 2024.
             Slain by Terence
             ... wielding a +2 short sword of venom
              (4 damage)
             ... on level 1 of the Dungeon.
             The game lasted 00:04:34 (769 turns).

Zeia the Magician (Djinni Conjurer)                  Turns: 769, Time: 00:04:35

Health: -3/25      AC:  2    Str:  6    XL:     3   Next: 7%
Gold:   36         EV: 12    Int: 21    God:
                   SH:  0    Dex: 11

rFire   + + .        g - staff of alchemy
rCold   x . .        (no shield)
rNeg    . . .        a - +0 robe
rPois   ∞            (no helmet)
rElec   .            (no cloak)
rCorr   .            (no gloves)
SInv    +            (boots unavailable)
Will    .....        (no amulet)
Stlth   ++           (no ring)
HPRegen 0.24/turn    (no ring)
MPRegen 0.00/turn

%: infuse magic (-4 HP)
@: flying
A: sickness immunity, fire resistance 2, cold vulnerability 1, float, innate
caster, HP casting, extra vitality 1
a: no special abilities


You were on level 1 of the Dungeon.
You visited 1 branch of the dungeon, and saw 2 of its levels.

You collected 36 gold pieces.

Inventory:

Armour
 a - a +0 robe (worn)
Magical Staves
 g - a staff of alchemy (weapon)
Scrolls
 d - a scroll of revelation
 f - a scroll of poison {unknown}
Potions
 b - 2 potions of curing {unknown}
 c - a potion of degeneration {unknown}
 e - a potion of haste {unknown}


   Skills:
 - Level 2.1 Dodging
 - Level 1.5 Stealth
 + Level 4.1 Spellcasting
 + Level 4.1 Conjurations
 + Level 4.1 Hexes
 + Level 4.1 Summonings
 + Level 4.1 Necromancy
 + Level 4.1 Translocations
 + Level 4.1 Fire Magic
 + Level 4.1 Ice Magic
 + Level 4.1 Air Magic
 + Level 4.1 Earth Magic
 + Level 4.1 Alchemy


You knew the following spells:

 Your Spells              Type           Power      Damage    Failure   Level
a - Freeze                Ice            84%        1d9       2%          1
b - Searing Ray           Conj           42%        2d6       3%          2
c - Fulminant Prism       Conj/Alch      16%        3d10      22%         4
d - Iskenderun's Mystic   Conj/Tloc      21%        2d6       22%         4
e - Magic Dart            Conj           84%        1d7       2%          1
Your spell library was empty.

Dungeon Overview and Level Annotations

Branches:
Dungeon (2/15)

Altars:

Annotations:
D:1 Terence


Innate Abilities, Weirdness & Mutations

You are immune to sickness and miasma.
You are immune to poison.
Your flesh is very heat resistant. (rF++)
You are vulnerable to cold. (rC-)
You float through the air rather than walking.
You learn spells naturally, not from books.
Your magical power is your life essence.
You have superior vitality. (+4 MHP)


Message History

There is a stone staircase leading down here.
Casting: Magic Dart (safe; 2% risk of failure)
Confirm with . or Enter, or press ? or * to list all spells.
Aiming: Magic Dart (safe; 2% risk of failure)
Press: ? - help, Shift-Dir - straight line, f - Terence
Aim: Terence, wielding a +2 short sword of venom and wearing a +0 chain mail (100% to hit)
The magic dart hits Terence.
Terence is moderately wounded.
Terence hits you with a +2 short sword of venom.
Casting: Magic Dart (safe; 2% risk of failure)
Confirm with . or Enter, or press ? or * to list all spells.
Aiming: Magic Dart (safe; 2% risk of failure)
Press: ? - help, Shift-Dir - straight line, f/p - Terence
Aim: Terence, wielding a +2 short sword of venom and wearing a +0 chain mail (moderately wounded, 100% to hit)
The magic dart hits Terence but does no damage.
Terence is moderately wounded.
Terence hits you with a +2 short sword of venom!
Casting: Magic Dart (safe; 2% risk of failure)
Confirm with . or Enter, or press ? or * to list all spells.
Aiming: Magic Dart (safe; 2% risk of failure)
Press: ? - help, Shift-Dir - straight line, f/p - Terence
Aim: Terence, wielding a +2 short sword of venom and wearing a +0 chain mail (moderately wounded, 100% to hit)
The magic dart hits Terence.
Terence is moderately wounded.
Terence hits you with a +2 short sword of venom.
Casting: Magic Dart (safe; 2% risk of failure)
Confirm with . or Enter, or press ? or * to list all spells.
Aiming: Magic Dart (safe; 2% risk of failure)
Press: ? - help, Shift-Dir - straight line, f/p - Terence
Aim: Terence, wielding a +2 short sword of venom and wearing a +0 chain mail (moderately wounded, 100% to hit)
The magic dart hits Terence but does no damage.
Terence is moderately wounded.
* * * LOW HITPOINT WARNING * * *
Terence hits you with a +2 short sword of venom.
* * * LOW HITPOINT WARNING * * *
As you read the scroll labelled YKYNYRR HIYTE, it crumbles to dust.
You feel momentarily disoriented.
It was a scroll of revelation.
Terence hits you with a +2 short sword of venom.
You die...
Terence says, "Time to find some more victims."

### #......###..###.##..###....#.
..###......###...##.....##.[..##.
..##...%....##....#######....###.
..##........###....####......# #.
..##........####............## ##
..##........#######......####
..#....>.....#############
..#..........###########
..'............@@.....##
..####.##########.###.##
..####.#..........#.#.##
.......#.#..........#.##
#.###..#.#...#...##.#.## #.#
#..#.#............## #.#
#..#...#.#.#....#### #.#
#..####....######### #.#
#........###


You could see Terence.

Vanquished Creatures
  3 bats (D:1)
  An endoplasm (D:1)
  5 goblins (D:1)
  3 jackals (D:1)
  2 kobolds (D:1)
  A quokka (D:1)
  A ball python (D:1)
  2 frilled lizards (D:1)
  3 rats (D:1)
21 creatures vanquished.

Notes
Turn   | Place    | Note
-------+----------+-------------------------------------------
     0 | D:1      | Zeia the Djinni Conjurer began the quest for the Orb.
     0 | D:1      | Zeia set off with the following spells memorised: Magic
                  | Dart, Searing Ray, Fulminant Prism, Iskenderun's Mystic
                  | Blast.
     0 | D:1      | Reached XP level 1. HP: 15/15 MP: 0/0
   162 | D:1      | Reached XP level 2. HP: 20/21 MP: 0/0
   552 | D:1      | Reached XP level 3. HP: 19/25 MP: 0/0
   552 | D:1      | Learned a level 1 spell: Freeze
   761 | D:2      | Noticed Terence
   768 | D:1      | HP: 1/25 [Terence/+2 short sword of venom (6)]
   769 | D:1      | Slain by Terence

Illustrated notes

Levels and vault maps discovered:
D:1:      dpeg_arrival_snail, layout_basic, minmay_misc_feat_ornament,
          bh_walls_and_bars
D:2:      layout_basic, uniq_terence, uniq_jessica

Skill      XL: |  1  2 |
---------------+-------+-----
Spellcasting   | 4 |  4.1
Conjurations   | 4 |  4.1
Hexes          | 4 |  4.1
Summonings     | 4 |  4.1
Necromancy     | 4 |  4.1
Translocations | 4 |  4.1
Fire Magic     | 4 |  4.1
Ice Magic      | 4 |  4.1
Air Magic      | 4 |  4.1
Earth Magic    | 4 |  4.1
Alchemy        | 4 |  4.1
Dodging        | |  2.1
Stealth        | |  1.5

Action                     || total
---------------------------++-------
   Cast: Magic Dart        ||    39
         Freeze            ||     1
    Use: Scroll            ||     1
 Armour: Robe              ||     7
  Dodge: Dodged            ||     2
